 Dungeon Crawl Stone Soup version 0.31-a0-165-g3f4f80340b (webtiles) character file.

Game seed: 18377726633872941846

2807 qw the Fighter (level 9, -6/100 HPs)
             Began as a Naga Hunter on June 13, 2023.
             Was a Follower of Okawaru.
             Killed from afar by a steam dragon (19 damage)
             ... with a ball of steam
             ... on level 7 of the Dungeon.
             The game lasted 00:02:12 (5169 turns).

qw the Fighter (Naga Hunter)                        Turns: 5169, Time: 00:02:12

Health: -6/100     AC: 11    Str: 13    XL:     9   Next: 72%
Magic:  10/11      EV: 13    Int: 10    God:    Okawaru [*.....]
Gold:   253        SH:  0    Dex: 19    Spells: 8/8 levels left

rFire   . . .        d - +0 orcbow
rCold   . . .        (shield currently unavailable)
rNeg    . . .        c - +0 leather armour
rPois   +            g - +0 helmet
rElec   +            l - +1 cloak
rCorr   +            f - +1 pair of gloves
SInv    +            (no barding)
Will    +....        (no amulet)
Stlth   ++++         h - ring of resist corrosion
HPRegen 0.36/turn    (no ring)
MPRegen 0.12/turn

%: no passive effects
@: about to teleport, short of breath, heroic, very slow
A: AC +3, large, see invisible, deformed body, poison resistance, slowness 2,
spit poison 1, naga tail 1, camouflage 1, electricity resistance
a: Spit Poison, Renounce Religion, Heroism


You were on level 7 of the Dungeon.
You worshipped Okawaru.
Okawaru was aware of your devotion.
You visited 2 branches of the dungeon, and saw 8 of its levels.

You collected 379 gold pieces.
You spent 126 gold pieces at shops.


Innate Abilities, Weirdness & Mutations

Your serpentine skin is tough. (AC +3)
You have supernaturally acute eyesight. (SInv)
Armour fits poorly on your strangely shaped body.
Your system is resistant to poisons. (rPois)
You cover ground very slowly.
You can spit poison.
You have a snake-like lower body.
Your skin changes colour to match your surroundings (Stealth+).
You are resistant to electric shocks. (rElec)


   Skills:
 - Level 12.7(17.7) Fighting
 + Level 8.1(13.1) Ranged Weapons
 - Level 1.8(6.8) Armour
 - Level 2.2(7.2) Dodging
 - Level 1.5(6.5) Stealth
 + Level 3.8 Invocations


You had 8 spell levels left.
You didn't know any spells.
Your spell library was empty.

Inventory:

Hand Weapons
 d - a +0 orcbow (weapon)
Armour
 c - a +0 leather armour (worn)
 f - a +1 pair of gloves (worn)
 g - a +0 helmet (worn)
 l - a +1 cloak (worn)
Jewellery
 h - a ring of resist corrosion (left hand)
Scrolls
 a - 3 scrolls of identify
Potions
 b - a potion of cancellation
 e - 2 potions of haste
 i - 2 potions of mutation
 j - 2 potions of heal wounds
 k - a potion of magic {unknown}
 n - a potion of curing

Dungeon Overview and Level Annotations

Branches:
Dungeon (7/15)             Temple (1/1) D:4

Altars:
Ashenzari
Cheibriados
Dithmenos
Elyvilon
Fedhas
Gozag
Hepliaklqana
Nemelex Xobeh
Okawaru
Qazlal
Sif Muna
Uskayaw
Vehumet
Xom
Yredelemnul
Zin

Shops:
D:2 !   D:3 ?   D:4 =

Annotations:
D:4 3 runed translucent doors, qw's ghost, amateur MiHu


Message History

The steam dragon is lightly wounded.
5162 ||| INVOKING Spit Poison.
Aiming: Spit Poison (1% risk of failure)
Press: ? - help, Shift-Dir - straight line, f/p - steam dragon The splash of poison hits the steam dragon but does no damage.
The steam dragon is poisoned.
The steam dragon is lightly wounded.
You shoot an arrow.
The arrow hits the steam dragon but does no damage.
The steam dragon is lightly wounded.
You shoot an arrow.
The arrow barely misses the steam dragon.
You shoot an arrow.
The arrow barely misses the steam dragon.
You have got your breath back.
5166 ||| INVOKING Spit Poison.
Aiming: Spit Poison (1% risk of failure)
Press: ? - help, Shift-Dir - straight line, f/p - steam dragon The splash of poison hits the steam dragon.
The steam dragon looks even sicker.
The steam dragon is lightly wounded.
The steam dragon breathes steam at you. The ball of steam hits you!
You hear an angry growl.
You hear an angry hiss.
You shoot an arrow.
The arrow barely misses the steam dragon.
You are engulfed in a cloud of scalding steam.
You shoot an arrow.
The arrow hits the steam dragon but does no damage.
The steam dragon is lightly wounded.
You are engulfed in a cloud of scalding steam.
The steam dragon bites you!
The steam dragon claws you but does no damage.
5169 ||| READING scroll of teleportation.
As you read the scroll of teleportation, it crumbles to dust.
You feel strangely unstable.
You are engulfed in a cloud of scalding steam.
The steam dragon breathes steam at you. The ball of steam hits you!!
You die...

#..# #..#
....####
#.....[#
#..#.#.#
###.##......##
....:.¤¤¤....#
#. #D# #. ##.#
#@# #.. ##..#
#¤# #..##...##
#¤# #...~~~..#
#.#
#.#..~~~.###.#
#...~_~......#
....~~...#####
##~~~.))#
####.).#


You could see a steam dragon (very poisoned, catching breath).

Vanquished Creatures
  Pikel (D:5)
  A steam dragon (D:7)
  A sky beast (D:6)
  2 centaurs
  3 ogres
  A lemure (D:5)
  4 kobold brigands
  Blork the orc (D:4)
  3 bullfrogs
  2 scorpions (D:5)
  3 orc priests
  4 hounds
  2 jellies
  An iguana (D:6)
  Natasha (thrice) (D:2)
  3 orc wizards (D:7)
  8 adders
  3 gnolls (D:4)
  A shadow imp (D:7)
  4 white imps
  2 ufetubi (D:6)
  A worm (D:5)
  2 dart slugs (D:2)
  14 orcs
  4 bats
  7 endoplasms
  5 giant cockroaches
  7 hobgoblins
  8 quokkas
  9 ball pythons
  3 frilled lizards
  4 goblins
  26 kobolds
  5 rats
148 creatures vanquished.

Notes
Turn   | Place    | Note
-------+----------+-------------------------------------------
     0 | D:1      | qw the Naga Hunter began the quest for the Orb.
     0 | D:1      | Reached XP level 1. HP: 19/19 MP: 1/1
     0 | D:1      | 0 ||| qw: Version: 0.2-a-29-gc1b59c4
     0 | D:1      | 0 ||| qw: Game counter: 4655
     0 | D:1      | 0 ||| qw: Always use a shield: true
     0 | D:1      | 0 ||| qw: God list: Okawaru
     0 | D:1      | 0 ||| qw: Allow faded altars: false
     0 | D:1      | 0 ||| qw: Do Orc after D:15 true
     0 | D:1      | 0 ||| qw: Do second Lair branch before Depths: true
     0 | D:1      | 0 ||| qw: Lair rune preference: random
     0 | D:1      | 0 ||| qw: Plans: Normal
     0 | D:1      | 0 ||| PLANNING D:1-11
    32 | D:1      | 32 ||| INVOKING Spit Poison.
    39 | D:1      | 39 ||| INVOKING Spit Poison.
    80 | D:1      | 80 ||| INVOKING Spit Poison.
    99 | D:1      | 99 ||| INVOKING Spit Poison.
   244 | D:1      | 244 ||| INVOKING Spit Poison.
   246 | D:1      | Reached XP level 2. HP: 22/26 MP: 2/2
   250 | D:1      | 250 ||| INVOKING Spit Poison.
   299 | D:1      | 299 ||| INVOKING Spit Poison.
   304 | D:1      | 304 ||| INVOKING Spit Poison.
   331 | D:1      | 331 ||| INVOKING Spit Poison.
   335 | D:1      | 335 ||| INVOKING Spit Poison.
   380 | D:1      | 380 ||| INVOKING Spit Poison.
   423 | D:1      | 423 ||| INVOKING Spit Poison.
   432 | D:1      | 432 ||| INVOKING Spit Poison.
   491 | D:1      | Reached XP level 3. HP: 32/32 MP: 3/3
   498 | D:1      | 498 ||| INVOKING Spit Poison.
   554 | D:1      | 554 ||| INVOKING Spit Poison.
   698 | D:1      | 698 ||| INVOKING Spit Poison.
   769 | D:1      | 769 ||| READING scroll labelled FUTACL IJIACSE.
   770 | D:1      | 770 ||| READING scroll labelled VYPROW ZEEBOT.
   774 | D:1      | 774 ||| READING scroll labelled FAISUET PEXEOMO.
   775 | D:1      | 775 ||| READING scroll labelled CAEHOS IBRUOHAURA.
   776 | D:1      | 776 ||| READING scroll labelled MEORITZ COERA.
   777 | D:1      | 777 ||| DROPPING scroll of butterflies.
   824 | D:2      | 824 ||| INVOKING Spit Poison.
   825 | D:2      | 825 ||| INVOKING Spit Poison.
   828 | D:2      | 828 ||| STAIRDANCE
   830 | D:1      | 830 ||| INVOKING Spit Poison.
   899 | D:2      | 899 ||| INVOKING Spit Poison.
   905 | D:2      | 905 ||| INVOKING Spit Poison.
   914 | D:2      | Found Koti Yte's Distillery.
   923 | D:2      | 923 ||| SHOPLISTING potion of cancellation (112 gold, have
                  | 79).
   923 | D:2      | 923 ||| SHOPLISTING potion of haste (140 gold, have 79).
   923 | D:2      | 923 ||| BUYING potion of heal wounds (70 gold).
   923 | D:2      | Bought a potion of heal wounds for 70 gold pieces
   923 | D:2      | 923 ||| SHOPLISTING potion of heal wounds (70 gold, have
                  | 9).
   923 | D:2      | 923 ||| SHOPLISTING potion of mutation (112 gold, have 9).
   985 | D:2      | 985 ||| INVOKING Spit Poison.
   988 | D:2      | 988 ||| INVOKING Spit Poison.
  1009 | D:2      | 1009 ||| INVOKING Spit Poison.
  1024 | D:2      | 1024 ||| INVOKING Spit Poison.
  1025 | D:2      | Reached XP level 4. HP: 39/39 MP: 4/4
  1041 | D:2      | 1041 ||| INVOKING Spit Poison.
  1050 | D:2      | 1050 ||| INVOKING Spit Poison.
  1058 | D:2      | 1058 ||| INVOKING Spit Poison.
  1061 | D:2      | 1061 ||| INVOKING Spit Poison.
  1068 | D:2      | 1068 ||| INVOKING Spit Poison.
  1119 | D:2      | 1119 ||| INVOKING Spit Poison.
  1145 | D:2      | Noticed Natasha
  1146 | D:2      | 1146 ||| INVOKING Spit Poison.
  1151 | D:2      | 1151 ||| INVOKING Spit Poison.
  1151 | D:2      | Killed Natasha
  1152 | D:2      | Reached skill level 3 in Fighting
  1189 | D:2      | 1189 ||| INVOKING Spit Poison.
  1195 | D:2      | 1195 ||| INVOKING Spit Poison.
  1200 | D:2      | Reached XP level 5. HP: 47/49 MP: 5/5
  1229 | D:2      | Noticed Natasha
  1231 | D:2      | 1231 ||| INVOKING Spit Poison.
  1232 | D:2      | Killed Natasha
  1377 | D:2      | 1377 ||| INVOKING Spit Poison.
  1433 | D:2      | 1433 ||| INVOKING Spit Poison.
  1457 | D:2      | 1457 ||| INVOKING Spit Poison.
  1502 | D:2      | Noticed Natasha
  1505 | D:2      | 1505 ||| INVOKING Spit Poison.
  1508 | D:2      | 1508 ||| INVOKING Spit Poison.
  1508 | D:2      | Killed Natasha
  1556 | D:2      | 1556 ||| UPGRADING to ring of resist corrosion.
  1557 | D:2      | 1557 ||| READING scroll labelled GERHOKHLOJY.
  1558 | D:2      | 1558 ||| READING scroll labelled LUBAFOU LAESA.
  1559 | D:2      | 1559 ||| READING 2 scrolls of identify.
  1559 | D:2      | 1559 ||| IDENTIFYING silvery potion
  1560 | D:2      | 1560 ||| DROPPING potion of degeneration.
  1635 | D:3      | 1635 ||| INVOKING Spit Poison.
  1682 | D:3      | 1682 ||| INVOKING Spit Poison.
  1764 | D:3      | 1764 ||| INVOKING Spit Poison.
  1776 | D:3      | 1776 ||| INVOKING Spit Poison.
  1817 | D:3      | 1817 ||| INVOKING Spit Poison.
  1928 | D:3      | 1928 ||| INVOKING Spit Poison.
  1938 | D:3      | Found a shadowy altar of Dithmenos.
  1953 | D:3      | 1953 ||| INVOKING Spit Poison.
  1976 | D:3      | 1976 ||| INVOKING Spit Poison.
  1982 | D:3      | 1982 ||| INVOKING Spit Poison.
  2010 | D:3      | 2010 ||| INVOKING Spit Poison.
  2024 | D:3      | Found a hazy altar of Hepliaklqana.
  2336 | D:3      | Found The Oracle's Delphic Readings.
  2340 | D:3      | 2340 ||| BUYING scroll of identify (28 gold).
  2340 | D:3      | Bought a scroll of identify for 28 gold pieces
  2340 | D:3      | 2340 ||| BUYING scroll of identify (28 gold).
  2340 | D:3      | Bought a scroll of identify for 28 gold pieces
  2340 | D:3      | 2340 ||| UPGRADING to +0 cloak.
  2345 | D:3      | 2345 ||| UPGRADING to +0 helmet.
  2350 | D:3      | 2350 ||| DRINKING 2 dark potions.
  2351 | D:3      | 2351 ||| READING 4 scrolls of identify.
  2351 | D:3      | 2351 ||| IDENTIFYING glowing black potion
  2352 | D:3      | 2352 ||| READING 3 scrolls of identify.
  2352 | D:3      | 2352 ||| IDENTIFYING lumpy purple potion
  2353 | D:3      | 2353 ||| READING 2 scrolls of identify.
  2353 | D:3      | 2353 ||| IDENTIFYING ruby potion
  2354 | D:3      | 2354 ||| DROPPING potion of lignification.
  2355 | D:3      | 2355 ||| DROPPING potion of enlightenment.
  2381 | D:4      | 2381 ||| INVOKING Spit Poison.
  2387 | D:4      | 2387 ||| INVOKING Spit Poison.
  2387 | D:4      | Noticed an ogre
  2388 | D:4      | Reached XP level 6. HP: 51/56 MP: 6/6
  2391 | D:4      | HP: 3/56 [ogre/+0 giant club (29)]
  2392 | D:4      | 2392 ||| DRINKING 2 potions of heal wounds.
  2393 | D:4      | 2393 ||| INVOKING Spit Poison.
  2395 | D:4      | Reached skill level 6 in Ranged Weapons
  2535 | D:4      | 2535 ||| INVOKING Spit Poison.
  2587 | D:4      | 2587 ||| INVOKING Spit Poison.
  2593 | D:4      | 2593 ||| INVOKING Spit Poison.
  2614 | D:4      | 2614 ||| INVOKING Spit Poison.
  2618 | D:4      | Found a runed translucent gate.
  2619 | D:4      | Found a runed translucent gate.
  2621 | D:4      | Found a runed translucent gate.
  2621 | D:4      | Noticed qw's ghost (amateur MiHu)
  2654 | D:4      | Found a staircase to the Ecumenical Temple.
  2655 | D:4      | 2655 ||| PLANNING TEMPLE
  2655 | D:4      | 2655 ||| UPGRADING to +0 pair of gloves.
  2660 | D:4      | 2660 ||| READING scroll labelled YRIOSK ECYH.
  2669 | Temple   | Entered the Ecumenical Temple
  2697 | Temple   | 2697 ||| PLANNING OKAWARU WORSHIP
  2771 | Temple   | Became a worshipper of Warmaster Okawaru
  2771 | Temple   | 2771 ||| PLANNING D:1-11
  2855 | D:4      | 2855 ||| INVOKING Spit Poison.
  2860 | D:4      | 2860 ||| INVOKING Spit Poison.
  2863 | D:4      | 2863 ||| INVOKING Spit Poison.
  2873 | D:4      | 2873 ||| INVOKING Spit Poison.
  2892 | D:4      | Found Soqur's Jewellery Shoppe.
  2899 | D:4      | 2899 ||| SHOPLISTING +4 ring of slaying (858 gold, have
                  | 80).
  2899 | D:4      | 2899 ||| SHOPLISTING ring "Nyesk" {*Slow rPois rN+ Int+3
                  | Slay+2 Stlth+} (474 gold, have 80).
  2899 | D:4      | 2899 ||| SHOPLISTING ring of ice (275 gold, have 80).
  2899 | D:4      | 2899 ||| SHOPLISTING ring of protection from fire (275
                  | gold, have 80).
  2899 | D:4      | 2899 ||| SHOPLISTING ring of resist corrosion (220 gold,
                  | have 80).
  2912 | D:4      | 2912 ||| INVOKING Spit Poison.
  2915 | D:4      | 2915 ||| INVOKING Spit Poison.
  3013 | D:4      | Noticed Blork the orc
  3014 | D:4      | 3014 ||| INVOKING Spit Poison.
  3017 | D:4      | 3017 ||| INVOKING Spit Poison.
  3020 | D:4      | Killed Blork the orc
  3021 | D:4      | Reached skill level 1 in Armour
  3187 | D:4      | 3187 ||| UPGRADING to +1 cloak.
  3197 | D:4      | 3197 ||| DROPPING +0 cloak.
  3198 | D:4      | 3198 ||| READING 2 scrolls labelled SAOJIV RITHREWN.
  3199 | D:4      | 3199 ||| DRINKING 2 lumpy orange potions.
  3199 | D:4      | Gained mutation: You are resistant to electric shocks.
                  | (rElec) [potion of mutation]
  3199 | D:4      | Gained mutation: Your skin changes colour to match your
                  | surroundings (Stealth+). [potion of mutation]
  3200 | D:4      | 3200 ||| READING 2 scrolls of identify.
  3200 | D:4      | 3200 ||| IDENTIFYING fizzy blue potion
  3201 | D:4      | 3201 ||| DRINKING potion of experience.
  3201 | D:4      | Reached skill level 12 in Fighting
  3201 | D:4      | Reached XP level 7. HP: 85/85 MP: 7/7
  3202 | D:4      | 3202 ||| DROPPING scroll of blinking.
  3238 | D:5      | Entered Level 5 of the Dungeon
  3239 | D:5      | 3239 ||| INVOKING Spit Poison.
  3247 | D:5      | 3247 ||| INVOKING Spit Poison.
  3249 | D:5      | Reached XP level 8. HP: 93/93 MP: 8/8
  3281 | D:5      | 3281 ||| INVOKING Spit Poison.
  3343 | D:5      | 3343 ||| INVOKING Spit Poison.
  3345 | D:5      | Reached * piety under Okawaru
  3346 | D:5      | 3346 ||| INVOKING Spit Poison.
  3351 | D:5      | 3351 ||| INVOKING Spit Poison.
  3409 | D:5      | 3409 ||| INVOKING Heroism.
  3410 | D:5      | 3410 ||| INVOKING Spit Poison.
  3416 | D:5      | 3416 ||| INVOKING Spit Poison.
  3423 | D:5      | 3423 ||| INVOKING Spit Poison.
  3440 | D:5      | 3440 ||| INVOKING Spit Poison.
  3456 | D:5      | 3456 ||| INVOKING Spit Poison.
  3457 | D:5      | Noticed Pikel
  3457 | D:5      | 3457 ||| INVOKING Heroism.
  3463 | D:5      | 3463 ||| INVOKING Spit Poison.
  3467 | D:5      | Killed Pikel
  3535 | D:5      | 3535 ||| INVOKING Spit Poison.
  3566 | D:5      | 3566 ||| INVOKING Spit Poison.
  3571 | D:5      | Reached XP level 9. HP: 100/100 MP: 9/9
  3776 | D:5      | 3776 ||| READING scroll labelled QONIZI WOVVE.
  3777 | D:5      | 3777 ||| READING 3 scrolls of identify.
  3777 | D:5      | 3777 ||| IDENTIFYING white potion
  3801 | D:6      | 3801 ||| INVOKING Spit Poison.
  3803 | D:6      | Reached skill level 1 in Invocations
  3839 | D:6      | 3839 ||| INVOKING Spit Poison.
  3840 | D:6      | 3840 ||| Stepping ~*~*~tactically~*~*~ (outnumbered).
  3843 | D:6      | 3843 ||| Stepping ~*~*~tactically~*~*~ (outnumbered).
  3844 | D:6      | 3844 ||| INVOKING Spit Poison.
  3845 | D:6      | 3845 ||| Stepping ~*~*~tactically~*~*~ (outnumbered).
  3848 | D:6      | 3848 ||| INVOKING Spit Poison.
  3853 | D:6      | 3853 ||| INVOKING Spit Poison.
  3860 | D:6      | 3860 ||| INVOKING Spit Poison.
  3986 | D:6      | 3986 ||| SWAPPING to +0 orcbow.
  3987 | D:6      | 3987 ||| DROPPING +0 shortbow of chaos.
  4003 | D:6      | 4003 ||| INVOKING Spit Poison.
  4008 | D:6      | 4008 ||| INVOKING Spit Poison.
  4064 | D:6      | 4064 ||| INVOKING Heroism.
  4089 | D:6      | 4089 ||| INVOKING Spit Poison.
  4131 | D:6      | 4131 ||| INVOKING Spit Poison.
  4149 | D:6      | 4149 ||| INVOKING Spit Poison.
  4155 | D:6      | Found a white marble altar of Elyvilon.
  4167 | D:6      | 4167 ||| INVOKING Spit Poison.
  4200 | D:6      | 4200 ||| Stepping ~*~*~tactically~*~*~ (outnumbered).
  4202 | D:6      | 4202 ||| Stepping ~*~*~tactically~*~*~ (outnumbered).
  4204 | D:6      | 4204 ||| Stepping ~*~*~tactically~*~*~ (outnumbered).
  4206 | D:6      | 4206 ||| INVOKING Spit Poison.
  4213 | D:6      | 4213 ||| INVOKING Spit Poison.
  4216 | D:6      | 4216 ||| INVOKING Spit Poison.
  4222 | D:6      | 4222 ||| INVOKING Spit Poison.
  4301 | D:6      | 4301 ||| INVOKING Spit Poison.
  4305 | D:6      | 4305 ||| INVOKING Spit Poison.
  4420 | D:6      | 4420 ||| INVOKING Heroism.
  4421 | D:6      | 4421 ||| INVOKING Spit Poison.
  4504 | D:6      | 4504 ||| INVOKING Spit Poison.
  4508 | D:6      | 4508 ||| INVOKING Spit Poison.
  4611 | D:6      | 4611 ||| INVOKING Spit Poison.
  4770 | D:6      | 4770 ||| DROPPING ring of flight.
  4822 | D:7      | 4822 ||| READING scroll of enchant armour.
  4822 | D:7      | 4822 ||| ENCHANTING +0 pair of gloves.
  4827 | D:7      | 4827 ||| INVOKING Spit Poison.
  4831 | D:7      | 4831 ||| INVOKING Spit Poison.
  4836 | D:7      | Reached skill level 3 in Invocations
  4908 | D:7      | 4908 ||| INVOKING Spit Poison.
  4911 | D:7      | 4911 ||| Stepping ~*~*~tactically~*~*~ (outnumbered).
  4912 | D:7      | 4912 ||| INVOKING Spit Poison.
  4918 | D:7      | 4918 ||| INVOKING Spit Poison.
  4943 | D:7      | Found a blossoming altar of Fedhas.
  4954 | D:7      | 4954 ||| INVOKING Spit Poison.
  4957 | D:7      | 4957 ||| INVOKING Heroism.
  4959 | D:7      | 4959 ||| INVOKING Spit Poison.
  4964 | D:7      | 4964 ||| INVOKING Spit Poison.
  4968 | D:7      | 4968 ||| INVOKING Spit Poison.
  4971 | D:7      | 4971 ||| INVOKING Heroism.
  4976 | D:7      | 4976 ||| INVOKING Spit Poison.
  5014 | D:7      | 5014 ||| INVOKING Heroism.
  5126 | D:7      | 5126 ||| INVOKING Spit Poison.
  5132 | D:7      | 5132 ||| INVOKING Heroism.
  5133 | D:7      | 5133 ||| INVOKING Spit Poison.
  5138 | D:7      | 5138 ||| INVOKING Spit Poison.
  5142 | D:7      | 5142 ||| INVOKING Spit Poison.
  5143 | D:7      | 5143 ||| Stepping ~*~*~tactically~*~*~ (cloud).
  5160 | D:7      | 5160 ||| INVOKING Heroism.
  5162 | D:7      | 5162 ||| INVOKING Spit Poison.
  5166 | D:7      | 5166 ||| INVOKING Spit Poison.
  5168 | D:7      | HP: 21/100 [steam dragon] (5)]
  5169 | D:7      | 5169 ||| READING scroll of teleportation.
  5169 | D:7      | Killed from afar by a steam dragon

Levels and vault maps discovered:
D:1:      tarquinn_simple_flora_water_c, layout_loops_ring, serial_rivers,
          chequers_serial_rivers_micro_b, chequers_serial_rivers_room_b,
          chequers_serial_rivers_small_b, chequers_serial_rivers_small_3
D:2:      layout_basic, serial_shops, shop, uniq_natasha
D:3:      layout_loops_corners, grunt_dithmenos_smoke_and_mirrors,
          general_overflow_altar, nicolae_nh_oracle_at_delphi
D:4:      layout_rooms, minmay_temple_entry_mini_moons,
          biasface_ghost_orc_armoury, serial_shops, shop, uniq_blork_the_orc
D:5:      layout_cave_pools, uniq_pikel
D:6:      layout_loops_ring, elyvilon_altar_4
D:7:      layout_loops_ring, nzn_wu_jian_contemplation, fedhas_altar_2,
          enter_bailey_6, ebering_ghost_disaster_area, minmay_bent
Temple:   nicolae_temple_hex_pool

Skill      XL: |  1  2  3  4  5  6  7  8  9 |
---------------+----------------------------+-----
Ranged Weapons | 4 5 6 7 8 |  8.1
Fighting       | 3 12 | 12.7
Armour         | 1 |  1.8
Dodging        | 2 |  2.2
Invocations    | 3 |  3.8
Stealth        | |  1.5

Action                     |  1- 3 |  4- 6 |  7- 9 || total
---------------------------+-------+-------+-------++-------
   Fire: Shortbow          |    54 |    97 |    79 ||   230
         Orcbow            |       |       |   126 ||   126
 Invoke: Heroism           |       |       |     9 ||     9
Ability: Spit Poison       |    24 |    41 |    52 ||   117
    Use: Scroll            |     5 |     9 |     4 ||    18
         Potion            |       |     4 |       ||     4
 Armour: Leather armour    |     5 |    14 |    60 ||    79
  Dodge: Dodged            |     3 |    17 |    57 ||    77

Table legend:
 A = Non-vault XP
 B = Vault XP
 C = Vault XP percentage of total XP
 D = Non-vault monster count
 E = Vault monster count
 F = Vault count percentage of total count
                 A         B        C        D         E       F
            +---------+---------+-------+---------+---------+-------
      Total |    2392 |    1060 |  30.7 |     139 |       9 |   6.1
            +---------+---------+-------+---------+---------+-------
        D:1 |      55 |       0 |   0.0 |      25 |       0 |   0.0
        D:2 |     166 |      35 |  17.4 |      26 |       1 |   3.7
        D:3 |      27 |       3 |  10.0 |      15 |       2 |  11.8
        D:4 |     216 |      90 |  29.4 |      14 |       1 |   6.7
        D:5 |     633 |     641 |  50.3 |      15 |       1 |   6.2
        D:6 |     874 |       2 |   0.2 |      29 |       1 |   3.3
        D:7 |     421 |     289 |  40.7 |      15 |       3 |  16.7
            +---------+---------+-------+---------+---------+-------
